 Dungeon Crawl Stone Soup version 0.31-a0-229-g1fc7ce93e2 (webtiles) character file.

Game seed: 6015809613853627520

70 qw the Shooter (level 4, -1/26 HPs)
             Began as a Gargoyle Hexslinger on July 6, 2023.
             Killed from afar by an orc wizard (6 damage)
             ... with a puff of flame
             ... on level 2 of the Dungeon.
             The game lasted 00:00:49 (1590 turns).

qw the Shooter (Gargoyle Hexslinger)                Turns: 1590, Time: 00:00:50

Health: -1/26      AC:  9    Str: 11    XL:     4   Next: 22%
Magic:  5/5        EV: 10    Int: 14    God:
Gold:   119        SH:  0    Dex: 14    Spells: 4/5 levels left

rFire   . . .        Y - +1 sling
rCold   . . .        (no shield)
rNeg    + . .        f - +0 ring mail
rPois   inf          (no helmet)
rElec   +            (no cloak)
rCorr   .            (no gloves)
SInv    .            m - +0 pair of boots
Will    .....        i - amulet of faith
Stlth   +            (no ring)
HPRegen 0.24/turn    (no ring)
MPRegen 0.09/turn

%: faith
@: about to teleport
A: sickness immunity, AC +3, negative energy resistance 1, electricity
resistance, torment resistance 1, petrification resistance
a: no special abilities


You were on level 2 of the Dungeon.
You visited 1 branch of the dungeon, and saw 3 of its levels.

You collected 119 gold pieces.


Innate Abilities, Weirdness & Mutations

You are immune to sickness and miasma.
Your stone body is resilient. (AC +3)
You are immune to poison.
You resist negative energy. (rN+)
You are resistant to electric shocks. (rElec)
You are resistant to unholy torment.
You are immune to petrification.


   Skills:
 - Level 2.0 Fighting
 - Level 3.9 Ranged Weapons
 + Level 0.8 Armour
 - Level 1.5 Dodging
 - Level 1.0 Spellcasting
 - Level 2.6 Hexes


You had 4 spell levels left.
You knew the following spells:

 Your Spells              Type           Power      Damage    Failure   Level
a - Slow                  Hex            32%        N/A       22%         1

Your spell library contained the following spells:

 Spells                   Type           Power      Damage    Failure   Level
 Inner Flame              Hex/Fire       4%         N/A       73%         3
 Portal Projectile        Hex/Tloc       8%         N/A       73%         3
 Cause Fear               Hex            4%         N/A       91%         4

Inventory:

Hand Weapons
 Y - a +1 sling (weapon)
Armour
 f - a +0 ring mail (worn)
 m - a +0 pair of boots (worn)
Jewellery
 i - an amulet of faith (around neck)
Scrolls
 c - a scroll of identify
Potions
 h - a potion of haste

Dungeon Overview and Level Annotations

Branches:
Dungeon (3/15)

Altars:
Makhleb


Message History

The orc barely misses you. x2; The orc hits you with a +0 dagger.
The orc wizard hits you but does no damage.
You shoot a sling bullet.
The sling bullet hits the orc wizard but does no damage.
The orc wizard is moderately wounded.
The orc hits you with a +0 war axe. The orc barely misses you.
The orc wizard barely misses you. The orc barely misses you. x2
The orc wizard hits you but does no damage.
The orc hits you with a +0 club. The orc barely misses you.
You shoot a sling bullet. The sling bullet hits the orc wizard.
The orc wizard is heavily wounded.
The orc hits you with a +0 war axe. The orc hits you but does no damage.
The orc barely misses you.
The orc wizard hits you but does no damage.
You shoot a sling bullet.
The sling bullet closely misses the orc wizard.
The orc barely misses you. The orc hits you but does no damage. x2
The orc wizard closely misses you.
You shoot a sling bullet. The sling bullet hits the orc wizard.
The orc wizard is heavily wounded.
The orc hits you with a +0 war axe. The orc hits you with a +0 club.
The orc wizard hits you but does no damage.
The orc hits you but does no damage. The orc closely misses you.
The orc wizard casts a spell at you. The puff of flame hits you.
The orc hits you but does no damage. The orc misses you.
You shoot a sling bullet. The sling bullet hits the orc wizard.
The orc wizard is almost dead.
The orc barely misses you. The orc hits you with a +0 club.
The orc hits you with a +0 dagger. The orc wizard casts a spell at you.
You resist with some effort.
1590 ||| READING scroll of teleportation.
As you read the scroll of teleportation, it crumbles to dust.
You feel strangely unstable. The orc closely misses you.
The orc hits you but does no damage. The orc closely misses you.
The orc wizard gestures at you while chanting.
The puff of flame hits you.
You die...

#...#########.###.###.....#
#...# #.##...####.### #...#
#.......# #.# ....#
####...## #.# ##..#######
##.## #.# ..........## #.#
#.# <#..##.....######.##
#.# .....[..........oo.##
#.#
.....#.....#...o@o..###.#
#.......................#
##....######........#####
### ##.#.# ##...###.######
#.. #.#.# ###.# #......#
#.#
###.#.#########.###.####.#
#.# ....#.##...........##
#.# #.#
#####.##.########### #b#
#.# ......##.# #[# #.#


You could see an orc wizard and 3 orcs.

Vanquished Creatures
  2 adders (D:2)
  A worm (D:2)
  3 orcs (D:3)
  5 ball pythons
  An endoplasm (D:2)
  5 giant cockroaches
  4 goblins
  A hobgoblin (D:1)
  5 kobolds
  4 quokkas
  7 bats
  3 frilled lizards
  2 rats
43 creatures vanquished.

Notes
Turn   | Place    | Note
-------+----------+-------------------------------------------
     0 | D:1      | qw the Gargoyle Hexslinger began the quest for the Orb.
     0 | D:1      | Reached XP level 1. HP: 12/12 MP: 2/2
     0 | D:1      | 0 ||| qw: Version: 0.3-a-46-gb1f654a
     0 | D:1      | 0 ||| qw: Game counter: 1168
     0 | D:1      | 0 ||| qw: Melee chars always use a shield: true
     0 | D:1      | 0 ||| qw: God list: Okawaru
     0 | D:1      | 0 ||| qw: Allow faded altars: false
     0 | D:1      | 0 ||| qw: Do Orc after clearing Dungeon:15 true
     0 | D:1      | 0 ||| qw: Do second Lair branch before Depths: true
     0 | D:1      | 0 ||| qw: Lair rune preference: random
     0 | D:1      | 0 ||| qw: Goals: Normal
     0 | D:1      | 0 ||| PLANNING D:1-11
    54 | D:1      | Reached XP level 2. HP: 16/16 MP: 3/3
    65 | D:1      | Found a faded altar of an unknown god.
   137 | D:1      | Reached skill level 3 in Ranged Weapons
   524 | D:1      | Reached XP level 3. HP: 21/21 MP: 4/4
   583 | D:1      | 583 ||| UPGRADING to +0 ring mail.
   593 | D:1      | 593 ||| DROPPING +0 robe.
   594 | D:1      | 594 ||| DROPPING ring of flight.
   595 | D:1      | 595 ||| READING scroll labelled XIVUECASIO.
   596 | D:1      | 596 ||| READING scroll labelled ANAFI ZEREUNERE.
   597 | D:1      | 597 ||| READING scroll labelled MEUXKUMPIOMO.
   598 | D:1      | 598 ||| DROPPING scroll of poison.
   899 | D:2      | Found a burning altar of Makhleb.
   955 | D:2      | Reached XP level 4. HP: 26/26 MP: 5/5
  1401 | D:2      | 1401 ||| UPGRADING to +0 pair of boots.
  1406 | D:2      | 1406 ||| UPGRADING to amulet of faith.
  1411 | D:2      | 1411 ||| READING scroll labelled QUANICL WAYVO.
  1412 | D:2      | 1412 ||| READING scroll labelled OTUDIRHOUBAU.
  1413 | D:2      | 1413 ||| READING 2 scrolls labelled OLUONO KEAGEO.
  1417 | D:2      | 1417 ||| READING scroll labelled UHOHUNWERIUGE.
  1418 | D:2      | 1418 ||| READING scroll labelled ENEOWA RONODA.
  1419 | D:2      | 1419 ||| DRINKING 2 bubbling silvery potions.
  1420 | D:2      | 1420 ||| DRINKING 2 dark potions.
  1421 | D:2      | 1421 ||| DRINKING 3 puce potions.
  1422 | D:2      | 1422 ||| READING 3 scrolls of identify.
  1422 | D:2      | 1422 ||| IDENTIFYING lumpy golden potion
  1423 | D:2      | 1423 ||| READING 2 scrolls of identify.
  1423 | D:2      | 1423 ||| IDENTIFYING bubbling puce potion
  1424 | D:2      | 1424 ||| DROPPING potion of berserk rage.
  1425 | D:2      | 1425 ||| DROPPING potion of attraction.
  1426 | D:2      | 1426 ||| DROPPING 2 potions of magic.
  1514 | D:3      | 1514 ||| DRINKING potion of curing.
  1514 | D:3      | 1514 ||| (to cure confusion)
  1521 | D:3      | 1521 ||| FLEEEEING.
  1524 | D:3      | 1524 ||| FLEEEEING.
  1525 | D:3      | 1525 ||| FLEEEEING.
  1526 | D:3      | 1526 ||| FLEEEEING.
  1527 | D:3      | 1527 ||| FLEEEEING.
  1528 | D:3      | 1528 ||| FLEEEEING.
  1531 | D:3      | 1531 ||| FLEEEEING.
  1532 | D:3      | 1532 ||| FLEEEEING.
  1533 | D:3      | 1533 ||| FLEEEEING.
  1534 | D:3      | 1534 ||| FLEEEEING.
  1535 | D:3      | 1535 ||| FLEEEEING.
  1540 | D:3      | 1540 ||| FLEEEEING.
  1541 | D:3      | 1541 ||| FLEEEEING.
  1542 | D:3      | 1542 ||| FLEEEEING.
  1543 | D:3      | 1543 ||| FLEEEEING.
  1544 | D:3      | 1544 ||| FLEEEEING.
  1545 | D:3      | 1545 ||| FLEEEEING.
  1546 | D:3      | 1546 ||| STAIRDANCE
  1582 | D:3      | 1582 ||| STAIRDANCE
  1589 | D:2      | HP: 6/26 [orc/+0 club (1)]
  1590 | D:2      | 1590 ||| READING scroll of teleportation.
  1590 | D:2      | Killed from afar by an orc wizard

Levels and vault maps discovered:
D:1:      enne_arrival_octagon_isle, layout_loops_ring,
          shapermc_ecumenical_altar_mp_urbaneastern, feat_on_display
D:2:      layout_loops_ring, basic_altar, minmay_cupped
D:3:      layout_basic, serial_rivers, chequers_serial_rivers_marsh,
          chequers_serial_rivers_marsh, chequers_serial_rivers_large_a,
          chequers_serial_rivers_micro_d, chequers_serial_rivers_micro_c,
          chequers_serial_rivers_large_b, uniq_sigmund, uniq_ijyb

Skill      XL: |  1  2 |
---------------+-------+-----
Ranged Weapons | 3 |  3.9
Fighting       | 2 |  2.0
Armour         | |  0.8
Dodging        | |  1.5
Spellcasting   | |  1.0
Hexes          | |  2.6

Action                     |  1- 3 |  4- 6 || total
---------------------------+-------+-------++-------
   Fire: Sling             |   113 |    51 ||   164
    Use: Scroll            |     3 |     8 ||    11
         Potion            |       |     4 ||     4
 Armour: Robe              |     4 |       ||     4
         Ring mail         |    46 |    45 ||    91
  Dodge: Dodged            |    60 |    52 ||   112

Table legend:
 A = Non-vault XP
 B = Vault XP
 C = Vault XP percentage of total XP
 D = Non-vault monster count
 E = Vault monster count
 F = Vault count percentage of total count
                 A         B        C        D         E       F
            +---------+---------+-------+---------+---------+-------
      Total |      82 |      19 |  18.8 |      40 |       3 |   7.0
            +---------+---------+-------+---------+---------+-------
        D:1 |      34 |       0 |   0.0 |      20 |       0 |   0.0
        D:2 |      35 |      19 |  35.2 |      14 |       3 |  17.6
        D:3 |      13 |       0 |   0.0 |       6 |       0 |   0.0
            +---------+---------+-------+---------+---------+-------
